 Dungeon Crawl Stone Soup version 0.28.0-49-g6dfe1f597d (webtiles) character file.

Game seed: 18066790970634672901

70 Exodus22XD the Poker (level 4, -9/34 HPs)
             Began as a Demonspawn Gladiator on May 15, 2022.
             Killed by nerve-wracking pain
             ... invoked by a shadow imp
             ... summoned by Natasha
              (10 damage)
             ... on level 2 of the Dungeon.
             The game lasted 00:01:33 (1332 turns).

Exodus22XD the Poker (Demonspawn Gladiator)         Turns: 1332, Time: 00:01:34

Health: -9/34      AC:  4    Str: 16    XL:     4   Next: 3%
Magic:  4/4        EV: 12    Int: 10    God:
Gold:   31         SH:  8    Dex: 14    Spells: 3/3 levels left

rFire   . . .      SeeInvis .   a - +0 trident
rCold   . . .      Faith    .   (no shield)
rNeg    . . .      Spirit   .   b - +0 leather armour
rPois   .          Reflect  .   c - +0 helmet
rElec   .          Harm     .   (no cloak)
rCorr   .          Rampage  .   (no gloves)
Will    .....                   (no boots)
Stlth   +.........              (no amulet)
HPRegen 0.11/turn               (no ring)
MPRegen 0.09/turn               (no ring)

@: brilliant, slowed, very slow
A: large bone plates 1, powered by pain 1, condensation shield
a: no special abilities


You were on level 2 of the Dungeon.
You visited 1 branch of the dungeon, and saw 2 of its levels.

You collected 57 gold pieces.
You spent 26 gold pieces at shops.

Inventory:

Hand Weapons
 a - a +0 trident (weapon)
Missiles
 d - 3 throwing nets (quivered)
Armour
 b - a +0 leather armour (worn)
 c - a +0 helmet (worn)
Scrolls
 g - a scroll of vulnerability {unknown}
 h - 3 scrolls of summoning {unknown}
Potions
 e - a potion of mutation
 f - a potion of brilliance


   Skills:
 + Level 2.5 Fighting
 + Level 3.4 Polearms
 + Level 1.9 Throwing
 + Level 0.4 Armour
 + Level 3.2 Dodging
 + Level 0.3 Stealth
 + Level 0.4 Shields


You had 3 spell levels left.
You didn't know any spells.
Your spell library contained the following spells:

 Spells                   Type           Power      Damage    Failure   Level
 Tukima's Dance           Hex            0%         N/A       80%         3
 Anguish                  Hex/Necr       0%         N/A       99%         4
 Enfeeble                 Hex            0%         N/A       100%        7


Dungeon Overview and Level Annotations

Branches:
Dungeon (2/15)

Altars:

Shops:
D:2 ?

Annotations:
D:2 Jessica, Natasha


Innate Abilities, Weirdness & Mutations

You are partially covered in large bone plates. (SH +4)
You sometimes gain a little power by taking damage.
A meltable shield of frost defends you. (SH +4)


Message History

You feel yourself speed up.
Natasha hisses angrily.
You enter the shallow water.
Moving in this stuff is going to be slow.
Jessica the Apprentice Sorceress comes into view.
She is wielding a +0 dagger.
Jessica shouts!
Natasha howls an incantation.
Natasha's front paws start to glow.
Jessica casts a spell.
Jessica seems to speed up.
Natasha hisses.
Jessica casts a spell at you. You resist with some effort.
Found a scroll labelled CYUTAUGGOV.
Jessica casts a spell.
Jessica blinks!
Natasha stares at you and mumbles some strange words.
You feel yourself slow down.
Natasha mumbles some strange words.
Jessica mumbles some strange words.
Jessica blinks!
You see here a scroll labelled CYUTAUGGOV.
You miss Natasha.
Natasha casts a spell.
You closely miss Natasha. Natasha barely misses you.
The shadow imp gestures at you.
You barely resist.
Natasha mumbles some strange words.
Jessica gestures wildly while chanting.
Jessica blinks!
You block the shadow imp's attack. Natasha casts a spell at you.
You resist with some effort. The shadow imp barely misses you.
You closely miss the shadow imp. The shadow imp hits you.
* * * LOW HITPOINT WARNING * * *
You puncture the shadow imp!
The shadow imp is severely wounded.
The shadow imp gestures at you. Pain shoots through your body!
You die...

≈....#
......###############
......§..h...........
.@≈≈≈≈♣..####§####..
≈≈≈≈≈≈≈♣.# #5#
≈≈≈≈≈P≈h♣# #.#
≈≈≈≈≈≈P♣.# #.#
≈≈≈P♣♣≈..####5####
≈≈♣ +...+@5h5...+
≈.####..h####.####
..........†..#
.#..#...#.#.......
#...#.#..#..##.##
#....∩...#..#
#...#.#..#..#
#..#...#.....
#......h..#.#.


You could see Natasha, 2 crimson imps and a shadow imp (summoned).

Vanquished Creatures
  Natasha (D:2)
  3 dart slugs (D:1)
  2 endoplasms (D:1)
  3 giant cockroaches (D:1)
  8 goblins
  3 hobgoblins (D:1)
  6 jackals (D:1)
  2 ball pythons (D:1)
  3 frilled lizards
  2 kobolds (D:2)
  3 rats
36 creatures vanquished.

Vanquished Creatures (others)
  A plant (D:2)
1 creature vanquished.

Grand Total: 37 creatures vanquished

Notes
Turn   | Place    | Note
-------+----------+-------------------------------------------
     0 | D:1      | Exodus22XD the Demonspawn Gladiator began the quest for the
                  | Orb.
     0 | D:1      | Reached XP level 1. HP: 16/16 MP: 1/1
   146 | D:1      | Gained mutation: A meltable shield of frost defends you.
                  | (SH +4) [demonic ancestry]
   146 | D:1      | Reached XP level 2. HP: 13/22 MP: 2/2
   646 | D:1      | Gained mutation: You are partially covered in large bone
                  | plates. (SH +4) [demonic ancestry]
   646 | D:1      | Reached XP level 3. HP: 22/27 MP: 3/3
   845 | D:1      | Found a faded altar of an unknown god.
  1269 | D:2      | Found Qeeg's Magic Scroll Shop.
  1278 | D:2      | Bought a scroll of identify for 26 gold pieces
  1282 | D:2      | Noticed Natasha
  1297 | D:2      | HP: 1/28 [Natasha/magic dart (5)]
  1300 | D:2      | Killed Natasha
  1301 | D:2      | Gained mutation: You sometimes gain a little power by
                  | taking damage. [demonic ancestry]
  1301 | D:2      | Reached XP level 4. HP: 1/34 MP: 4/4
  1308 | D:2      | Noticed Natasha
  1314 | D:2      | Noticed Jessica
  1331 | D:2      | HP: 1/34 [shadow imp[Natasha] (5)]
  1332 | D:2      | Killed from afar by a shadow imp

Illustrated notes

Levels and vault maps discovered:
D:1:      sevenhm_arrival_forest_fort_small_6, layout_basic,
          dreamdust_ecumenical_altar_hidden_monk_grotto,
          hangedman_abyss_or_decor_lesser_grid
D:2:      layout_basic, serial_bayou, serial_bayou_ford_a, serial_bayou_shore_a,
          serial_bayou_pond_a, serial_bayou_pond_e, serial_shops, shop,
          nicolae_shop_advertising_works [nicolae_subvault_shop_adworks],
          nicolae_shop_stone, nicolae_shop_statue_plus, shop, uniq_jessica,
          uniq_natasha

Skill      XL: |  1  2 |
---------------+-------+-----
Dodging        | 3 |  3.2
Polearms       | 3 |  3.4
Fighting       | |  2.5
Throwing       | |  1.9
Armour         | |  0.4
Stealth        | |  0.3
Shields        | |  0.4

Action                   |  1- 3 |  4- 6 || total
-------------------------+-------+-------++-------
Melee: Trident           |   140 |     4 ||   144
       Punch             |     3 |       ||     3
  Use: Scroll            |     1 |       ||     1
       Potion            |     1 |       ||     1
 Stab: Sleeping          |     1 |       ||     1
Armor: Leather armour    |    37 |       ||    37
Dodge: Dodged            |    67 |     2 ||    69
Block: Other             |    22 |     1 ||    23
